 Dungeon Crawl Stone Soup version 0.23.2 (webtiles) character file.

Game seed: 15871038700030056548

397 rzd the Slasher (level 6, -5/47 HPs)
             Began as a Merfolk Skald on Apr 11, 2019.
             Splashed by a jelly's acid (7 damage)
             ... on level 4 of the Dungeon.
             The game lasted 00:12:53 (5048 turns).

rzd the Slasher (Merfolk Skald)                     Turns: 5048, Time: 00:12:54

Health: -5/47      AC:  1    Str: 11    XL:     6   Next: 83%
Magic:  10/10      EV: 11    Int: 15    God:
Gold:   165        SH:  4    Dex: 13    Spells: 9/10 levels left

rFire    . . .     SeeInvis .   a - +0 falchion
rCold    . . .     Gourm    .   w - +0 buckler
rNeg     . . .     Faith    .   p - +0 ring mail
rPois    .         Spirit   .   (no helmet)
rElec    .         Reflect  .   s - +0 cloak
rCorr    .         Harm     .   v - +1 pair of gloves
MR       .....                  x - +0 pair of boots
Stlth    +.........             (no amulet)
HPRegen  0.15/turn              (no ring)
MPRegen  0.12/turn              (no ring)

@: corroded
A: change form in water, swift swim, stealthy swim
a: no special abilities


You were on level 4 of the Dungeon.
You were not hungry.

You visited 1 branch of the dungeon, and saw 5 of its levels.

You collected 165 gold pieces.

Inventory:

Hand Weapons
 a - a +0 falchion (weapon)
Armour
 b - a +0 leather armour
 c - a +0 scale mail
 p - a +0 ring mail (worn)
 s - a +0 cloak (worn)
 v - a +1 pair of gloves (worn)
 w - a +0 buckler (worn)
 x - a +0 pair of boots (worn)
Wands
 t - a wand of random effects (22)
 y - a wand of polymorph (11)
Scrolls
 e - 7 scrolls of identify {unknown}
 f - 2 scrolls of remove curse {unknown}
 g - 2 scrolls of fear {unknown}
 i - a scroll of blinking {unknown}
 k - a scroll of teleportation {unknown}
 m - a scroll of magic mapping {unknown}
 u - a scroll of fog {unknown}
Potions
 h - 2 potions of curing {unknown}
 j - 5 potions of brilliance {unknown}
 l - a potion of berserk rage {unknown}
 n - a potion of might {unknown}
 o - a potion of degeneration {unknown}
 q - a potion of mutation {unknown}
 r - a potion of heal wounds {unknown}
Comestibles
 d - 3 rations
 z - a chunk of flesh


   Skills:
 + Level 3.0 Fighting
 + Level 4.5 Long Blades
 + Level 2.6 Armour
 + Level 3.6 Dodging
 + Level 0.6 Stealth
 * Level 1.3 Shields
 + Level 2.7 Spellcasting
 + Level 3.9 Charms


You had 9 spell levels left.
You knew the following spells:

 Your Spells              Type           Power        Failure   Level  Hunger
a - Infusion              Chrm           ##..         14%         1    #......

Your spell library contained the following spells:

 Spells                   Type           Power        Failure   Level  Hunger
 Song of Slaying          Chrm           ##......     21%         2    ##.....
 Shroud of Golubria       Chrm/Tloc      #.........   43%         2    ##.....
 Regeneration             Chrm/Necr      #.........   67%         3    ###....
 Spectral Weapon          Hex/Chrm       #.......     67%         3    ###....


Dungeon Overview and Level Annotations

Branches:
Dungeon (5/15)
 Temple: D:4-7

Altars:
Ashenzari


Message History

Things that are here:
a +0 falchion; an orc skeleton
There is a stone staircase leading up here.
The jelly hits you but does no damage.
You climb upwards.
There is a stone staircase leading down here.
You hit the jelly but do no damage. The acid corrodes you!
Your hands burn!
You block the jelly's attack.
You hit the jelly but do no damage.
Your hands burn!
* * * LOW HITPOINT WARNING * * *
The jelly hits you.
* * * LOW HITPOINT WARNING * * *
The acid corrodes you!
You are splashed with acid!
* * * LOW HITPOINT WARNING * * *
You hit the jelly but do no damage.
Your hands burn!
* * * LOW HITPOINT WARNING * * *
The jelly hits you.
* * * LOW HITPOINT WARNING * * *
You are splashed with acid!
You die...

### ..# ########### #.#
#.........# ##.# #.........#
.#.####........J##
................@#
.#..###..........#############
.##.# #..........#....#......#
.##.# #..........#.##.#.##.###
.##.# #..........#)##.#.##.#
.##.# #............##รท#.##.#
....#################.#.##.#
##.......### #...........#
#.........# #.###########


You could see a jelly.

Vanquished Creatures
  An ogre (D:4)
  2 scorpions
  A bullfrog skeleton (D:3)
  An iguana (D:4)
  An orc wizard (D:4)
  A worker ant (D:4)
  A hound skeleton (D:4)
  An adder (D:2)
  An ooze (D:1)
  3 worms
  2 dart slugs (D:2)
  2 leopard geckos (D:4)
  6 orcs
  2 giant cockroaches (D:2)
  3 goblins
  8 hobgoblins
  9 jackals
  6 kobolds
  5 quokkas
  4 bats
  3 frilled lizards
  6 rats
69 creatures vanquished.

Vanquished Creatures (others)
  A fungus (D:4)
  2 plants (D:4)
3 creatures vanquished.

Grand Total: 72 creatures vanquished

Notes
Turn   | Place    | Note
-------+----------+-------------------------------------------
     0 | D:1      | rzd the Merfolk Skald began the quest for the Orb.
     0 | D:1      | Reached XP level 1. HP: 16/16 MP: 3/3
   138 | D:1      | You fall through a shaft!
   141 | D:2      | Reached XP level 2. HP: 15/22 MP: 5/5
   570 | D:1      | Reached XP level 3. HP: 25/27 MP: 6/6
  1138 | D:2      | Reached skill level 1 in Armour
  1739 | D:2      | Reached skill level 3 in Long Blades
  1817 | D:2      | Found a faded altar of an unknown god.
  1842 | D:2      | Reached XP level 4. HP: 34/34 MP: 7/7
  3443 | D:4      | Reached XP level 5. HP: 13/39 MP: 1/8
  3924 | D:4      | Found a shattered altar of Ashenzari.
  3924 | D:4      | Noticed an ogre
  4440 | D:4      | Reached skill level 4 in Long Blades
  4440 | D:4      | Reached XP level 6. HP: 30/46 MP: 9/9
  4601 | D:4      | Found a shattered altar of Ashenzari.
  4605 | D:4      | Saw a vision of the Swamp and the Spider Nest.
  4605 | D:4      | Noticed an alligator
  4605 | D:4      | Noticed an alligator
  4605 | D:4      | Noticed a wolf spider
  4605 | D:4      | Noticed a redback
  4605 | D:4      | Noticed a redback
  4605 | D:4      | Noticed a wolf spider
  4605 | D:4      | Noticed a redback
  4605 | D:4      | Noticed a swamp drake
  4605 | D:4      | Noticed a redback
  4605 | D:4      | Noticed a wolf spider
  4605 | D:4      | Noticed an alligator
  4606 | D:4      | Noticed a redback
  4607 | D:4      | Noticed an alligator
  4660 | D:4      | Reached skill level 1 in Shields
  4981 | D:5      | Entered Level 5 of the Dungeon
  5031 | D:5      | Noticed an ice beast
  5048 | D:4      | HP: 2/47 [jelly (2)]
  5048 | D:4      | Splashed by a jelly's acid

Skill      XL: |  1  2  3  4  5  6 |
---------------+-------------------+-----
Armour         | 1 2 |  2.6
Long Blades    | 3 4 |  4.5
Dodging        | 3 |  3.6
Fighting       | 3 |  3.0
Shields        | 1 |  1.3
Stealth        | |  0.6
Spellcasting   | |  2.7
Charms         | |  3.9

Action                   |  1- 3 |  4- 6 || total
-------------------------+-------+-------++-------
Melee: Falchion          |    91 |   156 ||   247
 Cast: Infusion          |     5 |    13 ||    18
  Eat: Chunk             |     3 |    11 ||    14
Armor: Leather armour    |    24 |    13 ||    37
       Ring mail         |       |    24 ||    24
Dodge: Dodged            |    81 |    89 ||   170
Block: Buckler           |       |     7 ||     7
       Rpst.: Falchion   |    21 |    31 ||    52
